AoeStats
← l REDDERZ l

MegaRandom

506835648Analyzed
1v1 RM · 18d ago on Sep 15, 2026· 22m 12s· 2 players
Game mode
Random Map
Map size
Tiny (2 player)
Population
200
Speed
Normal
Resources
Standard
Victory
Conquest
Starting age
Dark Age
Ending age
Imperial Age
RankedLock teamsTeams togetherTeam positionsShared explorationLock speedFull tech treeHidden civsTurbo modeCheats
Victory
Defeat
🇺🇸 Mapuche · United States
935
+15
🇬🇧 Persians · United Kingdom
903
-42
l REDDERZ l
12:31 Feudal Age
13:50 Wheelbarrow
15:02 Horse Collar
15:16 Double-Bit Axe
22:15 Castle Age
Japanese2009
3:09 Loom
10:42 Feudal Age
15:28 Castle Age
13:40 Double-Bit Axe
13:42 Horse Collar
14:29 Stone Mining
14:49 Gold Mining
15:26 Fletching
16:05 Town Watch
17:00 Wheelbarrow
16:54 Town Watch
18:41 Bow Saw
18:38 Heavy Plow
19:52 Bodkin Arrow
21:40 Town Patrol
Connection lost

Rejoining the realm…

Still unreachable

The connection could not be restored.

Session expired

The server has moved on; the page needs a fresh start.